 Dungeon Crawl Stone Soup version 0.19.4-8-ga85b6b9 (webtiles) character file.

220 DarkTechnomancer the Archer (level 5, 0/45 HPs)
             Began as a Centaur Hunter on Feb 8, 2017.
             Was a Follower of Dithmenos.
             Succumbed to an adder's poison
             ... on level 3 of the Dungeon.
             The game lasted 00:15:36 (5853 turns).

DarkTechnomancer the Archer (Centaur Hunter)        Turns: 5853, Time: 00:15:37

Health: 0/45       AC:  4    Str: 16    XL:     5   Next: 64%
Magic:  5/5        EV:  9    Int: 10    God:    Dithmenos [*.....]
Gold:   73         SH:  0    Dex:  9    Spells: 0 memorised, 4 levels left

rFire  . . .     SeeInvis .     a - +0 halberd
rCold  . . .     Gourm    .     c - +0 leather armour
rNeg   . . .     Faith    .     (shield currently unavailable)
rPois  .         Spirit   .     (no helmet)
rElec  .         Reflect  .     (no cloak)
rCorr  .         Harm     .     (no gloves)
MR     +....                    (no barding)
Stlth  +.........               (no amulet)
                                (no ring)
                                h - ring of protection from magic

@: lethally poisoned (0 -> -7), wreathed by umbra, very quick
A: hooves 3, deformed body, speed 2, tough skin 3
a: Renounce Religion


You were on level 3 of the Dungeon.
You worshipped Dithmenos.
Dithmenos was aware of your devotion.
You were not hungry.

You visited 1 branch of the dungeon, and saw 3 of its levels.

You collected 73 gold pieces.

Inventory:

Hand Weapons
 a - a +0 halberd (weapon)
 b - a +1 shortbow
 l - a +0 short sword
Missiles
 d - 30 arrows
Armour
 c - a +0 leather armour (worn)
Jewellery
 h - a ring of protection from magic (left hand)
Potions
 k - 2 potions of brilliance
Comestibles
 f - a bread ration
 i - a beef jerky


   Skills:
 + Level 3.3 Fighting
 + Level 0.6 Polearms
 * Level 8.0 Bows
 - Level 1.5 Dodging
 - Level 0.8 Stealth


You had 4 spell levels left.
You didn't know any spells.

Dungeon Overview and Level Annotations

Branches:
Dungeon (3/15)

Altars:
Dithmenos
Nemelex Xobeh
Uskayaw

Annotations:
D:3 RoderickthRed's ghost, amateur DrBe


Innate Abilities, Weirdness & Mutations

You have hooves in place of feet.
Armour fits poorly on your strangely shaped body.
You cover ground very quickly.
You have extremely tough skin. (AC +3)


Message History

You are more poisoned.
The adder poisons you!
You puncture the adder!
You kill the adder!
Dithmenos accepts your kill.
* * * LOW HITPOINT WARNING * * *
You feel sick.
You see here an adder corpse.
* * * LOW HITPOINT WARNING * * *
You feel sick.
* * * LOW HITPOINT WARNING * * *
You feel sick.
* * * LOW HITPOINT WARNING * * *
You feel sick.
Okay, then.
* * * LOW HITPOINT WARNING * * *
You feel sick.
* * * LOW HITPOINT WARNING * * *
You feel sick.
You die...

###################
..................#
##...#########..###
#...# #..>##<#
#...# #.###..#
##...# ##.# #..#
#....######..# #..#
.....#.......# #..#
##..##...8...# #@.#
#.##...8.8..###<.#
#.##..8._.8......#
##.#....8.8..##...#
.....[)..8...##.###
...##........##.#
.###.<......#...#
.....#......#.###
.....#......#.#


There were no monsters in sight!

Vanquished Creatures
  4 gnolls (D:3)
  8 adders
  4 worms
  3 dart slugs
  A leopard gecko (D:3)
  An orc (D:3)
  2 ball pythons
  4 giant cockroaches
  16 goblins
  8 hobgoblins
  5 jackals
  6 kobolds
  A quokka (D:3)
  12 bats
  11 frilled lizards
  8 rats
94 creatures vanquished.

Notes
Turn   | Place    | Note
-------+----------+-------------------------------------------
     0 | D:1      | DarkTechnomancer the Centaur Hunter began the quest for the Orb.
     0 | D:1      | Reached XP level 1. HP: 17/17 MP: 1/1
   248 | D:1      | Reached XP level 2. HP: 7/24 MP: 2/2
  1155 | D:1      | Reached XP level 3. HP: 28/30 MP: 3/3
  1223 | D:1      | Reached skill level 6 in Bows
  1769 | D:2      | Found a hide-covered altar of Uskayaw.
  1804 | D:2      | Found a shadowy altar of Dithmenos.
  1873 | D:2      | Became a worshipper of Dithmenos the Shadowed
  2261 | D:2      | Reached XP level 4. HP: 16/37 MP: 4/4
  2658 | D:2      | Reached skill level 7 in Bows
  2864 | D:3      | Found a faded altar of an unknown god.
  2896 | D:3      | HP: 1/37 [adder (4)]
  3116 | D:3      | Found a sparkling altar of Nemelex Xobeh.
  3505 | D:3      | Reached * piety under Dithmenos
  3560 | D:3      | Reached XP level 5. HP: 7/45 MP: 5/5
  4104 | D:3      | Noticed RoderickthRed's ghost (amateur DrBe)
  5376 | D:3      | Reached skill level 8 in Bows
  5848 | D:3      | HP: 2/45 [poisoned by an adder]
  5853 | D:3      | Succumbed to an adder's poison

Skill      XL: |  1  2  3  4  5 |
---------------+----------------+-----
Bows           | 6 7 8 |  8.0
Fighting       | 3 |  3.3
Polearms       | |  0.6
Dodging        | |  1.5
Stealth        | |  0.8

Action                   |  1- 3 |  4- 6 || total
-------------------------+-------+-------++-------
Melee: Short sword       |   191 |   145 ||   336
       Kick              |    31 |    42 ||    73
       Halberd           |       |    55 ||    55
 Fire: Shortbow          |    26 |    88 ||   114
  Use: Potion            |       |     5 ||     5
       Scroll            |       |     3 ||     3
  Eat: Chunk             |     3 |     5 ||     8
       Bread ration      |       |     1 ||     1
       Beef jerky        |       |     1 ||     1
Armor: Leather armour    |    86 |    79 ||   165
Dodge: Dodged            |   103 |   141 ||   244
